2307 views
Uploaded 2023-08-04 01:27:17
Game version 1.35 (6115)
67:26 long 3on3 ladder game on (8)Battleground_LV
Saved by Cabeelibob
2307 views
Uploaded 2023-08-04 01:27:17
Game version 1.35 (6115)
67:26 long 3on3 ladder game on (8)Battleground_LV


221 units @ 38.1k
/ 7.1k
149 buildings @ 21.7k
/ 9.6k

| Healing Salve | 2 | 200 |
| Lesser Clarity Potion | 8 | 560 |
| Orb of Lightning | 1 | 375 |
| total: | 11 | 1135g |
| Peon | 21 | 1575 | / | 0 |
| Grunt | 6 | 1200 | / | 0 |
| Troll Batrider | 24 | 3840 | / | 960 |
| Troll Witch Doctor | 9 | 1305 | / | 225 |
| Demolisher | 27 | 5940 | / | 1350 |
| total: | 87 | 13860g | / | 2535w |
| Watch Tower | 44 | 4840 | / | 3520 |
| Altar of Storms | 1 | 180 | / | 50 |
| Orc Burrow | 6 | 960 | / | 240 |
| Barracks | 2 | 360 | / | 100 |
| Voodoo Lounge | 1 | 130 | / | 30 |
| War Mill | 1 | 205 | / | 0 |
| Great Hall | 1 | 385 | / | 185 |
| Beastiary | 1 | 145 | / | 140 |
| Spirit Lodge | 1 | 150 | / | 150 |
| Stronghold | 1 | 315 | / | 190 |
| Fortress | 1 | 325 | / | 190 |
| total: | 58 | 7355g | / | 4415w |
| 0:03 | Peon |
| 0:03 | Peon |
| 0:03 | Peon |
| 0:21 | Altar of Storms |
| 0:35 | Orc Burrow |
| 0:46 | Peon |
| 0:50 | Barracks |
| 0:55 | Peon |
| 1:21 | Voodoo Lounge |
| 1:48 | Orc Burrow |
| 1:51 | Grunt |
| 2:10 | Grunt |
| 2:28 | Healing Salve |
| 2:28 | Healing Salve |
| 2:29 | Lesser Clarity Potion |
| 2:29 | Lesser Clarity Potion |
| 2:35 | Serpent Ward |
| 2:39 | Grunt |
| 3:03 | Orc Burrow |
| 3:04 | Pillage |
| 3:41 | Grunt |
| 3:54 | Grunt |
| 5:00 | Grunt |
| 6:15 | Stronghold |
| 6:18 | War Mill |
| 7:31 | Great Hall |
| 7:36 | Steel Melee Weapons |
| 7:38 | Watch Tower |
| 7:41 | Lesser Clarity Potion |
| 7:41 | Lesser Clarity Potion |
| 7:54 | Watch Tower |
| 8:15 | Watch Tower |
| 8:29 | Watch Tower |
| 8:40 | Peon |
| 8:40 | Peon |
| 8:47 | Beastiary |
| 8:57 | Peon |
| 8:57 | Peon |
| 9:20 | Peon |
| 9:27 | Watch Tower |
| 9:55 | Troll Batrider |
| 10:03 | Peon |
| 10:03 | Peon |
| 10:03 | Peon |
| 10:16 | Hex |
| 10:21 | Watch Tower |
| 10:26 | Troll Batrider |
| 10:37 | Peon |
| 10:39 | Watch Tower |
| 10:49 | Watch Tower |
| 10:54 | Watch Tower |
| 10:56 | Troll Batrider |
| 11:03 | Peon |
| 11:18 | Watch Tower |
| 11:20 | Peon |
| 11:36 | Troll Batrider |
| 11:46 | Peon |
| 11:46 | Peon |
| 11:51 | Spirit Lodge |
| 12:18 | Orc Burrow |
| 12:23 | Watch Tower |
| 12:45 | Reinforced Defenses |
| 13:07 | Witch Doctor Adept Training |
| 13:21 | Watch Tower |
| 13:35 | Peon |
| 13:43 | Troll Batrider |
| 13:43 | Troll Batrider |
| 13:43 | Troll Batrider |
| 13:46 | Troll Witch Doctor |
| 13:49 | Steel Ranged Weapons |
| 13:55 | Peon |
| 14:03 | Watch Tower |
| 14:08 | Watch Tower |
| 14:11 | Troll Witch Doctor |
| 14:17 | Watch Tower |
| 14:27 | Troll Witch Doctor |
| 14:33 | Watch Tower |
| 14:52 | Troll Witch Doctor |
| 15:30 | Fortress |
| 15:35 | Watch Tower |
| 15:37 | Thorium Ranged Weapons |
| 15:47 | Orc Burrow |
| 15:52 | Watch Tower |
| 15:54 | Watch Tower |
| 16:02 | Watch Tower |
| 16:04 | Watch Tower |
| 16:14 | Watch Tower |
| 16:53 | Orc Burrow |
| 16:56 | Watch Tower |
| 17:28 | Watch Tower |
| 17:52 | Witch Doctor Master Training |
| 17:55 | Liquid Fire |
| 18:00 | Peon |
| 18:15 | Burning Oil |
| 18:47 | Demolisher |
| 18:47 | Demolisher |
| 18:47 | Demolisher |
| 18:47 | Demolisher |
| 18:47 | Demolisher |
| 18:47 | Demolisher |
| 18:48 | Demolisher |
| 18:48 | Demolisher |
| 18:48 | Demolisher |
| 18:48 | Demolisher |
| 18:54 | Barracks |
| 19:56 | Troll Batrider |
| 19:56 | Troll Batrider |
| 19:56 | Troll Batrider |
| 19:56 | Troll Batrider |
| 19:56 | Troll Batrider |
| 19:56 | Troll Batrider |
| 20:10 | Watch Tower |
| 20:11 | Demolisher |
| 20:11 | Demolisher |
| 20:11 | Demolisher |
| 20:12 | Demolisher |
| 21:14 | Hex |
| 23:39 | Demolisher |
| 24:39 | Demolisher |
| 24:39 | Demolisher |
| 24:47 | Troll Witch Doctor |
| 24:47 | Troll Witch Doctor |
| 24:47 | Troll Witch Doctor |
| 25:36 | Troll Batrider |
| 25:36 | Troll Batrider |
| 25:42 | Healing Wave |
| 26:04 | Troll Witch Doctor |
| 26:34 | Watch Tower |
| 28:55 | Watch Tower |
| 29:06 | Watch Tower |
| 29:20 | Demolisher |
| 29:20 | Demolisher |
| 29:20 | Demolisher |
| 29:21 | Demolisher |
| 30:51 | Watch Tower |
| 30:55 | Orb of Lightning |
| 31:07 | Troll Batrider |
| 31:07 | Troll Batrider |
| 31:07 | Troll Batrider |
| 31:08 | Troll Batrider |
| 31:53 | Watch Tower |
| 33:13 | Watch Tower |
| 34:52 | Watch Tower |
| 35:00 | Watch Tower |
| 35:09 | Demolisher |
| 38:08 | Troll Batrider |
| 38:09 | Troll Batrider |
| 38:09 | Troll Batrider |
| 38:09 | Troll Batrider |
| 38:09 | Troll Batrider |
| 41:04 | Watch Tower |
| 43:09 | Lesser Clarity Potion |
| 43:16 | Watch Tower |
| 45:35 | Watch Tower |
| 45:37 | Watch Tower |
| 45:38 | Watch Tower |
| 45:50 | Watch Tower |
| 46:00 | Watch Tower |
| 46:11 | Watch Tower |
| 47:16 | Watch Tower |
| 51:03 | Demolisher |
| 51:03 | Demolisher |
| 51:03 | Demolisher |
| 51:04 | Demolisher |
| 51:04 | Demolisher |
| 52:24 | Lesser Clarity Potion |
| 52:33 | Watch Tower |
| 52:44 | Troll Witch Doctor |
| 53:57 | Watch Tower |
| 55:58 | Lesser Clarity Potion |
| 55:58 | Lesser Clarity Potion |
| Right click | 3160 |
| Select group | 2347 |
| Select | 501 |
| Use ability | 171 |
| Build/train/purchase | 139 |
| Assign group | 48 |
| Minimap ping | 30 |
| Remove unit | 10 |
| Resource trade | 6 |
| Misc. action | 5 |
| Item give/drop | 3 |
| Chat | 3 |
| Esc | 2 |


| Rod of Necromancy | 1 | 150 |
| Dust of Appearance | 1 | 75 |
| Scroll of Town Portal | 1 | 350 |
| Potion of Lesser Invulnerability | 1 | 150 |
| Periapt of Vitality | 1 | 325 |
| total: | 5 | 1050g |
| Acolyte | 9 | 675 | / | 0 |
| Ghoul | 5 | 600 | / | 0 |
| Crypt Fiend | 15 | 3225 | / | 600 |
| Frost Wyrm | 15 | 5775 | / | 1800 |
| Gargoyle | 3 | 525 | / | 90 |
| Obsidian Statue | 1 | 200 | / | 35 |
| total: | 48 | 11000g | / | 2525w |
| Nerubian Tower | 3 | 300 | / | 60 |
| Spirit Tower | 9 | 1305 | / | 360 |
| Crypt | 1 | 200 | / | 50 |
| Graveyard | 1 | 215 | / | 0 |
| Altar of Darkness | 1 | 180 | / | 50 |
| Ziggurat | 21 | 3150 | / | 1050 |
| Tomb of Relics | 1 | 130 | / | 30 |
| Boneyard | 3 | 525 | / | 600 |
| Halls of the Dead | 1 | 320 | / | 210 |
| Black Citadel | 2 | 650 | / | 460 |
| total: | 28 | 4400g | / | 1780w |
| 0:04 | Acolyte |
| 0:05 | Acolyte |
| 0:10 | Crypt |
| 0:40 | Graveyard |
| 0:44 | Altar of Darkness |
| 1:00 | Ziggurat |
| 1:16 | Ghoul |
| 1:27 | Tomb of Relics |
| 1:40 | Ziggurat |
| 1:52 | Ghoul |
| 2:02 | Nerubian Tower |
| 2:14 | Ghoul |
| 2:39 | Crypt Fiend |
| 2:50 | Death Coil |
| 2:53 | Rod of Necromancy |
| 3:12 | Crypt Fiend |
| 3:49 | Crypt Fiend |
| 3:51 | Ziggurat |
| 4:48 | Crypt Fiend |
| 4:48 | Crypt Fiend |
| 4:55 | Ziggurat |
| 6:03 | Halls of the Dead |
| 6:03 | Crypt Fiend |
| 6:06 | Creature Attack |
| 6:22 | Ziggurat |
| 6:28 | Ziggurat |
| 7:10 | Crypt Fiend |
| 7:19 | Spirit Tower |
| 7:20 | Creature Carapace |
| 7:55 | Crypt Fiend |
| 8:01 | Unholy Aura |
| 8:17 | Spirit Tower |
| 8:18 | Spirit Tower |
| 8:20 | Spirit Tower |
| 9:02 | Spirit Tower |
| 9:04 | Black Citadel |
| 9:11 | Acolyte |
| 9:12 | Acolyte |
| 9:22 | Web |
| 9:23 | Burrow |
| 9:55 | Death Coil |
| 10:25 | Acolyte |
| 10:37 | Potion of Lesser Invulnerability |
| 10:39 | Periapt of Vitality |
| 10:54 | Unholy Aura |
| 11:14 | Cleaving Attack |
| 11:31 | Black Citadel |
| 12:10 | Improved Creature Attack |
| 12:10 | Improved Creature Carapace |
| 13:30 | Howl of Terror |
| 14:00 | Boneyard |
| 14:03 | Boneyard |
| 14:06 | Boneyard |
| 14:16 | Acolyte |
| 14:16 | Acolyte |
| 14:19 | Advanced Creature Attack |
| 14:25 | Ziggurat |
| 14:29 | Ziggurat |
| 14:53 | Ziggurat |
| 14:54 | Ziggurat |
| 14:56 | Ziggurat |
| 15:17 | Acolyte |
| 15:28 | Dust of Appearance |
| 16:06 | Spirit Tower |
| 17:04 | Frost Wyrm |
| 17:22 | Freezing Breath |
| 19:01 | Frost Wyrm |
| 19:08 | Ghoul |
| 19:08 | Ghoul |
| 19:57 | Frost Wyrm |
| 20:16 | Frost Wyrm |
| 21:06 | Frost Wyrm |
| 21:14 | Frost Wyrm |
| 22:30 | Cleaving Attack |
| 22:59 | Death Coil |
| 23:22 | Frost Wyrm |
| 23:23 | Crypt Fiend |
| 23:24 | Crypt Fiend |
| 25:32 | Frost Wyrm |
| 27:11 | Frost Wyrm |
| 29:07 | Advanced Creature Carapace |
| 32:07 | Crypt Fiend |
| 32:14 | Acolyte |
| 33:39 | Ziggurat |
| 34:53 | Frost Wyrm |
| 35:05 | Spirit Tower |
| 35:09 | Ziggurat |
| 35:12 | Ziggurat |
| 36:03 | Ziggurat |
| 36:59 | Spirit Tower |
| 37:21 | Ziggurat |
| 37:23 | Ziggurat |
| 38:31 | Spirit Tower |
| 38:36 | Ziggurat |
| 38:43 | Ziggurat |
| 38:52 | Ziggurat |
| 40:16 | Frost Wyrm |
| 40:25 | Nerubian Tower |
| 42:20 | Howl of Terror |
| 43:35 | Animate Dead |
| 45:36 | Frost Wyrm |
| 45:39 | Crypt Fiend |
| 45:39 | Crypt Fiend |
| 45:39 | Crypt Fiend |
| 47:09 | Frost Wyrm |
| 48:58 | Ziggurat |
| 49:47 | Frost Wyrm |
| 56:37 | Nerubian Tower |
| 59:11 | Frost Wyrm |
| 60:12 | Crypt Fiend |
| 60:15 | Gargoyle |
| 60:16 | Gargoyle |
| 60:19 | Obsidian Statue |
| 61:13 | Scroll of Town Portal |
| 61:40 | Gargoyle |
| 67:02 | Healing Wave |
| Right click | 1021 |
| Select group | 1008 |
| Select | 453 |
| Misc. action | 301 |
| Chat | 259 |
| Build/train/purchase | 110 |
| Use ability | 99 |
| Assign group | 58 |
| Minimap ping | 14 |
| Resource trade | 8 |
| Esc | 3 |
| Item give/drop | 1 |



| Rod of Necromancy | 3 | 450 |
| Sacrificial Skull | 1 | 50 |
| Potion of Healing | 7 | 1050 |
| Orb of Corruption | 3 | 1125 |
| Scroll of Healing | 4 | 1000 |
| Scroll of Town Portal | 4 | 1400 |
| Boots of Speed | 1 | 250 |
| Potion of Lesser Invulnerability | 1 | 150 |
| total: | 24 | 5475g |
| Acolyte | 35 | 2625 | / | 0 |
| Ghoul | 9 | 1080 | / | 0 |
| Crypt Fiend | 7 | 1505 | / | 280 |
| Meat Wagon | 32 | 7360 | / | 1600 |
| Obsidian Statue | 2 | 400 | / | 70 |
| Abomination | 1 | 240 | / | 70 |
| total: | 86 | 13210g | / | 2020w |
| Spirit Tower | 25 | 3625 | / | 1000 |
| Nerubian Tower | 5 | 500 | / | 100 |
| Crypt | 3 | 600 | / | 150 |
| Ziggurat | 43 | 6450 | / | 2150 |
| Graveyard | 1 | 215 | / | 0 |
| Altar of Darkness | 1 | 180 | / | 50 |
| Tomb of Relics | 2 | 260 | / | 60 |
| Necropolis | 6 | 1350 | / | 0 |
| Slaughterhouse | 5 | 700 | / | 675 |
| Sacrificial Pit | 2 | 150 | / | 300 |
| Halls of the Dead | 1 | 320 | / | 210 |
| Black Citadel | 1 | 325 | / | 230 |
| total: | 63 | 9905g | / | 3385w |
| 0:04 | Acolyte |
| 0:04 | Acolyte |
| 0:08 | Crypt |
| 0:09 | Ziggurat |
| 0:40 | Graveyard |
| 0:57 | Altar of Darkness |
| 1:09 | Ghoul |
| 1:27 | Ghoul |
| 1:36 | Ziggurat |
| 1:51 | Tomb of Relics |
| 2:11 | Crypt Fiend |
| 2:40 | Crypt Fiend |
| 2:59 | Rod of Necromancy |
| 2:59 | Sacrificial Skull |
| 3:09 | Death Coil |
| 3:15 | Crypt Fiend |
| 3:41 | Crypt Fiend |
| 3:42 | Acolyte |
| 4:13 | Unholy Aura |
| 4:17 | Ziggurat |
| 4:35 | Ziggurat |
| 4:43 | Acolyte |
| 4:54 | Rod of Necromancy |
| 5:28 | Spirit Tower |
| 5:30 | Nerubian Tower |
| 5:31 | Acolyte |
| 5:32 | Acolyte |
| 5:32 | Acolyte |
| 5:36 | Acolyte |
| 5:49 | Death Coil |
| 6:14 | Necropolis |
| 7:05 | Necropolis |
| 7:06 | Ziggurat |
| 7:10 | Halls of the Dead |
| 7:11 | Ghoul |
| 7:11 | Ghoul |
| 7:26 | Crypt |
| 7:30 | Crypt |
| 8:08 | Acolyte |
| 8:09 | Acolyte |
| 8:09 | Acolyte |
| 8:09 | Acolyte |
| 8:10 | Ziggurat |
| 8:12 | Ziggurat |
| 8:14 | Ziggurat |
| 8:16 | Ziggurat |
| 8:16 | Ziggurat |
| 8:32 | Crypt Fiend |
| 8:58 | Acolyte |
| 9:04 | Ghoul |
| 9:05 | Ghoul |
| 9:07 | Creature Attack |
| 9:07 | Creature Carapace |
| 9:12 | Spirit Tower |
| 9:14 | Spirit Tower |
| 9:15 | Spirit Tower |
| 9:18 | Unholy Aura |
| 9:27 | Necropolis |
| 9:38 | Spirit Tower |
| 10:01 | Necropolis |
| 10:05 | Ghoul |
| 10:08 | Burrow |
| 10:28 | Spirit Tower |
| 10:39 | Web |
| 10:59 | Acolyte |
| 11:00 | Acolyte |
| 11:00 | Acolyte |
| 11:00 | Acolyte |
| 11:02 | Acolyte |
| 11:18 | Spirit Tower |
| 11:34 | Acolyte |
| 11:34 | Acolyte |
| 11:34 | Acolyte |
| 11:34 | Acolyte |
| 11:38 | Ziggurat |
| 11:38 | Ziggurat |
| 11:40 | Ziggurat |
| 11:41 | Ziggurat |
| 11:42 | Ziggurat |
| 11:42 | Ziggurat |
| 11:51 | Ziggurat |
| 12:01 | Slaughterhouse |
| 12:13 | Ziggurat |
| 12:13 | Ziggurat |
| 12:14 | Ziggurat |
| 12:21 | Ziggurat |
| 12:27 | Rod of Necromancy |
| 12:41 | Ziggurat |
| 12:51 | Acolyte |
| 12:54 | Spirit Tower |
| 12:56 | Ziggurat |
| 12:58 | Acolyte |
| 13:01 | Acolyte |
| 13:07 | Spirit Tower |
| 13:16 | Slaughterhouse |
| 13:18 | Slaughterhouse |
| 13:21 | Frost Nova |
| 13:24 | Potion of Healing |
| 13:35 | Spirit Tower |
| 13:38 | Ziggurat |
| 13:39 | Ziggurat |
| 13:47 | Spirit Tower |
| 13:49 | Acolyte |
| 13:53 | Nerubian Tower |
| 14:01 | Improved Creature Attack |
| 14:08 | Nerubian Tower |
| 14:20 | Meat Wagon |
| 14:24 | Meat Wagon |
| 14:59 | Unholy Strength |
| 15:00 | Improved Creature Carapace |
| 15:00 | Unholy Armor |
| 15:02 | Black Citadel |
| 15:39 | Meat Wagon |
| 16:03 | Spirit Tower |
| 16:05 | Ziggurat |
| 16:14 | Ghoul |
| 16:16 | Ziggurat |
| 16:29 | Sacrificial Pit |
| 16:30 | Sacrificial Pit |
| 17:05 | Boots of Speed |
| 17:06 | Potion of Lesser Invulnerability |
| 17:21 | Meat Wagon |
| 17:24 | Disease Cloud |
| 17:26 | Destroyer Form |
| 17:27 | Advanced Creature Attack |
| 17:29 | Spirit Tower |
| 17:41 | Acolyte |
| 17:47 | Tomb of Relics |
| 17:52 | Nerubian Tower |
| 18:02 | Slaughterhouse |
| 18:03 | Slaughterhouse |
| 18:06 | Ghoul |
| 18:23 | Ghoul Frenzy |
| 18:44 | Orb of Corruption |
| 18:44 | Scroll of Healing |
| 18:46 | Potion of Healing |
| 18:47 | Impale |
| 19:47 | Meat Wagon |
| 19:48 | Meat Wagon |
| 19:54 | Meat Wagon |
| 19:54 | Meat Wagon |
| 19:58 | Advanced Creature Carapace |
| 19:59 | Improved Unholy Armor |
| 20:03 | Improved Unholy Strength |
| 20:08 | Necropolis |
| 20:19 | Meat Wagon |
| 20:25 | Acolyte |
| 20:40 | Ziggurat |
| 21:44 | Death Coil |
| 22:36 | Meat Wagon |
| 23:22 | Acolyte |
| 23:23 | Acolyte |
| 23:54 | Advanced Unholy Armor |
| 24:10 | Spiked Carapace |
| 24:19 | Frost Armor |
| 24:25 | Meat Wagon |
| 24:31 | Meat Wagon |
| 25:31 | Crypt Fiend |
| 25:48 | Acolyte |
| 25:48 | Acolyte |
| 25:48 | Acolyte |
| 25:49 | Acolyte |
| 25:51 | Ziggurat |
| 25:51 | Ziggurat |
| 25:52 | Ziggurat |
| 25:53 | Ziggurat |
| 25:53 | Ziggurat |
| 25:55 | Ziggurat |
| 26:25 | Meat Wagon |
| 26:32 | Obsidian Statue |
| 26:43 | Spirit Tower |
| 26:47 | Spirit Tower |
| 26:50 | Nerubian Tower |
| 26:52 | Spirit Tower |
| 26:55 | Spirit Tower |
| 26:57 | Spirit Tower |
| 27:06 | Crypt Fiend |
| 27:48 | Advanced Unholy Strength |
| 28:17 | Orb of Corruption |
| 28:17 | Scroll of Healing |
| 28:37 | Necropolis |
| 29:04 | Meat Wagon |
| 29:52 | Meat Wagon |
| 30:01 | Orb of Corruption |
| 30:13 | Ziggurat |
| 30:14 | Ziggurat |
| 30:15 | Ziggurat |
| 30:16 | Ziggurat |
| 30:16 | Ziggurat |
| 30:17 | Ziggurat |
| 30:17 | Ziggurat |
| 31:07 | Spirit Tower |
| 31:10 | Acolyte |
| 31:12 | Spirit Tower |
| 31:14 | Spirit Tower |
| 31:15 | Spirit Tower |
| 31:16 | Spirit Tower |
| 31:18 | Spirit Tower |
| 31:21 | Spirit Tower |
| 31:44 | Meat Wagon |
| 32:38 | Meat Wagon |
| 32:50 | Ziggurat |
| 32:50 | Ziggurat |
| 33:09 | Potion of Healing |
| 33:10 | Scroll of Town Portal |
| 34:32 | Scroll of Healing |
| 34:36 | Scroll of Town Portal |
| 34:36 | Potion of Healing |
| 34:44 | Potion of Healing |
| 34:45 | Potion of Healing |
| 34:47 | Scroll of Town Portal |
| 35:08 | Meat Wagon |
| 36:51 | Meat Wagon |
| 37:04 | Meat Wagon |
| 37:05 | Meat Wagon |
| 37:24 | Impale |
| 38:02 | Meat Wagon |
| 39:08 | Meat Wagon |
| 39:45 | Obsidian Statue |
| 41:48 | Meat Wagon |
| 42:23 | Scroll of Town Portal |
| 42:24 | Scroll of Healing |
| 42:26 | Potion of Healing |
| 42:44 | Meat Wagon |
| 42:47 | Meat Wagon |
| 42:49 | Abomination |
| 45:12 | Meat Wagon |
| 46:36 | Meat Wagon |
| 46:39 | Meat Wagon |
| 47:49 | Meat Wagon |
| 47:53 | Meat Wagon |
| 49:23 | Unholy Aura |
| 51:37 | Meat Wagon |
| 52:57 | Frost Nova |
| Right click | 1548 |
| Select | 859 |
| Select group | 713 |
| Build/train/purchase | 231 |
| Use ability | 136 |
| Assign group | 52 |
| Misc. action | 47 |
| Resource trade | 20 |
| Minimap ping | 9 |
| Item give/drop | 4 |
| Esc | 1 |
126 units @ 13.7k
/ 2.8k
173 buildings @ 12.1k
/ 5.9k
DudeWhy
(236)
(67:21) : 


| Staff of Sanctuary | 1 | 250 |
| Orb of Fire | 1 | 325 |
| Orb of Lightning | 3 | 1125 |
| total: | 5 | 1700g |
| Peasant | 16 | 1200 | / | 0 |
| Mortar Team | 3 | 540 | / | 210 |
| Flying Machine | 37 | 3700 | / | 1110 |
| Dragonhawk Rider | 3 | 600 | / | 90 |
| total: | 59 | 6040g | / | 1410w |
| Scout Tower | 10 | 300 | / | 200 |
| Guard Tower | 7 | 490 | / | 350 |
| Arcane Tower | 2 | 140 | / | 100 |
| Altar of Kings | 2 | 360 | / | 100 |
| Farm | 18 | 1440 | / | 360 |
| Lumber Mill | 1 | 120 | / | 0 |
| Town Hall | 1 | 385 | / | 205 |
| Blacksmith | 1 | 140 | / | 60 |
| Arcane Vault | 1 | 130 | / | 30 |
| Workshop | 3 | 420 | / | 420 |
| Gryphon Aviary | 1 | 140 | / | 150 |
| Keep | 1 | 320 | / | 210 |
| Castle | 1 | 360 | / | 210 |
| total: | 38 | 3435g | / | 1525w |
| 0:03 | Peasant |
| 0:12 | Peasant |
| 0:19 | Altar of Kings |
| 0:20 | Peasant |
| 0:34 | Farm |
| 0:35 | Peasant |
| 0:50 | Lumber Mill |
| 0:51 | Peasant |
| 0:53 | Peasant |
| 1:00 | Farm |
| 1:03 | Peasant |
| 1:19 | Peasant |
| 1:24 | Scout Tower |
| 1:36 | Peasant |
| 1:47 | Scout Tower |
| 1:55 | Guard Tower |
| 1:56 | Peasant |
| 2:01 | Arcane Tower |
| 2:05 | Scout Tower |
| 2:07 | Peasant |
| 2:15 | Arcane Tower |
| 2:16 | Scout Tower |
| 2:22 | Storm Bolt |
| 2:23 | Peasant |
| 2:30 | Guard Tower |
| 2:32 | Peasant |
| 3:09 | Scout Tower |
| 3:10 | Guard Tower |
| 3:17 | Peasant |
| 3:36 | Town Hall |
| 3:41 | Scout Tower |
| 3:44 | Scout Tower |
| 3:45 | Guard Tower |
| 4:04 | Storm Bolt |
| 4:29 | Guard Tower |
| 4:52 | Scout Tower |
| 4:58 | Scout Tower |
| 4:59 | Scout Tower |
| 5:21 | Guard Tower |
| 5:24 | Guard Tower |
| 6:02 | Keep |
| 6:03 | Blacksmith |
| 6:05 | Farm |
| 6:07 | Farm |
| 6:12 | Bash |
| 6:14 | Bash |
| 7:22 | Black Gunpowder |
| 7:23 | Iron Plating |
| 7:55 | Improved Masonry |
| 7:55 | Improved Lumber Harvesting |
| 8:22 | Castle |
| 8:29 | Workshop |
| 8:30 | Workshop |
| 8:43 | Workshop |
| 9:16 | Advanced Masonry |
| 9:19 | Refined Gunpowder |
| 9:38 | Flare |
| 9:38 | Flak Cannons |
| 9:53 | Mortar Team |
| 10:00 | Advanced Lumber Harvesting |
| 10:22 | Farm |
| 10:22 | Farm |
| 10:23 | Farm |
| 10:24 | Farm |
| 10:25 | Farm |
| 10:25 | Farm |
| 10:33 | Mortar Team |
| 10:39 | Steel Plating |
| 10:43 | Imbued Gunpowder |
| 10:46 | Flying Machine Bombs |
| 10:46 | Fragmentation Shards |
| 11:42 | Gryphon Aviary |
| 11:44 | Farm |
| 11:45 | Farm |
| 12:23 | Farm |
| 12:24 | Farm |
| 12:26 | Farm |
| 12:27 | Farm |
| 12:30 | Farm |
| 12:30 | Farm |
| 12:33 | Flying Machine |
| 12:43 | Flying Machine |
| 12:43 | Flying Machine |
| 12:43 | Flying Machine |
| 12:43 | Flying Machine |
| 12:43 | Flying Machine |
| 13:12 | Arcane Vault |
| 13:32 | Imbued Masonry |
| 14:08 | Peasant |
| 14:08 | Peasant |
| 16:06 | Cloud |
| 16:06 | Dragonhawk Rider |
| 16:09 | Flying Machine |
| 16:09 | Flying Machine |
| 16:10 | Flying Machine |
| 16:19 | Flying Machine |
| 16:20 | Flying Machine |
| 16:20 | Flying Machine |
| 16:21 | Mithril Plating |
| 17:16 | Flying Machine |
| 17:16 | Flying Machine |
| 18:41 | Dragonhawk Rider |
| 18:42 | Dragonhawk Rider |
| 18:53 | Studded Leather Armor |
| 22:11 | Mortar Team |
| 22:17 | Altar of Kings |
| 25:50 | Storm Bolt |
| 26:45 | Brilliance Aura |
| 27:58 | Divine Shield |
| 29:01 | Staff of Sanctuary |
| 29:14 | Orb of Lightning |
| 29:59 | Orb of Fire |
| 31:55 | Flying Machine |
| 31:55 | Flying Machine |
| 31:56 | Flying Machine |
| 31:56 | Flying Machine |
| 32:24 | Flying Machine |
| 32:43 | Flying Machine |
| 32:45 | Flying Machine |
| 33:17 | Holy Light |
| 39:19 | Bash |
| 49:17 | Orb of Lightning |
| 49:22 | Orb of Lightning |
| 49:26 | Storm Bolt |
| 49:27 | Storm Bolt |
| 55:41 | Flying Machine |
| 55:41 | Flying Machine |
| 55:41 | Flying Machine |
| 55:41 | Flying Machine |
| 55:41 | Flying Machine |
| 59:20 | Avatar |
| 59:23 | Avatar |
| 59:25 | Holy Light |
| 59:26 | Holy Light |
| 64:27 | Flying Machine |
| 64:27 | Flying Machine |
| 64:28 | Flying Machine |
| 64:28 | Flying Machine |
| 64:59 | Flying Machine |
| 64:59 | Flying Machine |
| 65:52 | Flying Machine |
| 65:52 | Flying Machine |
| 65:52 | Flying Machine |
| 65:53 | Flying Machine |
| 66:34 | Flying Machine |
| Right click | 4344 |
| Select group | 1244 |
| Select | 572 |
| Use ability | 259 |
| Build/train/purchase | 171 |
| Misc. action | 81 |
| Resource trade | 43 |
| Assign group | 29 |
| Minimap ping | 8 |
| Esc | 2 |
| Item give/drop | 1 |
Cabeelibob
(194)
(67:21) : 
| Healing Salve | 5 | 500 |
| Lesser Clarity Potion | 15 | 1050 |
| Orb of Lightning | 1 | 375 |
| Tiny Great Hall | 1 | 600 |
| Potion of Mana | 8 | 1600 |
| Potion of Healing | 3 | 450 |
| Boots of Speed | 5 | 1250 |
| Staff of Teleportation | 1 | 150 |
| Orb of Fire | 1 | 325 |
| total: | 40 | 6300g |
| Peon | 19 | 1425 | / | 0 |
| Troll Witch Doctor | 9 | 1305 | / | 225 |
| Troll Batrider | 2 | 320 | / | 80 |
| Kodo Beast | 2 | 510 | / | 120 |
| total: | 32 | 3560g | / | 425w |
| Watch Tower | 12 | 1320 | / | 960 |
| Altar of Storms | 1 | 180 | / | 50 |
| Orc Burrow | 4 | 640 | / | 160 |
| War Mill | 2 | 410 | / | 0 |
| Voodoo Lounge | 4 | 520 | / | 120 |
| Spirit Lodge | 1 | 150 | / | 150 |
| Beastiary | 1 | 145 | / | 140 |
| Stronghold | 1 | 315 | / | 190 |
| Fortress | 1 | 325 | / | 190 |
| total: | 25 | 3365g | / | 1580w |
| 0:06 | Altar of Storms |
| 0:08 | Peon |
| 0:13 | Orc Burrow |
| 0:17 | Peon |
| 0:31 | Peon |
| 0:56 | War Mill |
| 1:08 | Voodoo Lounge |
| 1:15 | Peon |
| 1:15 | Peon |
| 1:32 | Peon |
| 1:39 | Peon |
| 1:53 | Peon |
| 2:10 | Wind Walk |
| 2:13 | Watch Tower |
| 2:16 | Watch Tower |
| 2:22 | Peon |
| 2:34 | Peon |
| 2:50 | Orc Burrow |
| 2:53 | Orc Burrow |
| 3:01 | Peon |
| 3:23 | Watch Tower |
| 3:37 | Healing Salve |
| 3:37 | Lesser Clarity Potion |
| 4:35 | Stronghold |
| 4:40 | Watch Tower |
| 4:43 | Lesser Clarity Potion |
| 5:02 | Watch Tower |
| 6:01 | Watch Tower |
| 6:10 | Critical Strike |
| 6:26 | Watch Tower |
| 6:31 | Watch Tower |
| 7:03 | Fortress |
| 7:08 | Healing Salve |
| 7:13 | Reinforced Defenses |
| 7:35 | Healing Salve |
| 7:39 | Lesser Clarity Potion |
| 7:51 | Watch Tower |
| 7:56 | Spiked Barricades |
| 8:05 | Boots of Speed |
| 8:06 | Staff of Teleportation |
| 9:02 | Watch Tower |
| 10:02 | Lesser Clarity Potion |
| 10:04 | Orb of Lightning |
| 10:12 | Peon |
| 10:13 | Peon |
| 10:13 | Peon |
| 11:06 | Watch Tower |
| 12:08 | Spirit Lodge |
| 13:03 | Lesser Clarity Potion |
| 13:26 | Troll Witch Doctor |
| 13:26 | Troll Witch Doctor |
| 13:27 | Troll Witch Doctor |
| 13:27 | Troll Witch Doctor |
| 13:29 | Witch Doctor Adept Training |
| 13:44 | Watch Tower |
| 14:23 | Critical Strike |
| 15:52 | Beastiary |
| 15:54 | Orc Burrow |
| 16:44 | Wind Walk |
| 16:47 | Witch Doctor Master Training |
| 17:28 | War Drums Damage Increase |
| 17:29 | Liquid Fire |
| 17:38 | Lesser Clarity Potion |
| 17:41 | Healing Salve |
| 18:37 | Troll Batrider |
| 18:38 | Troll Batrider |
| 18:39 | Shaman Adept Training |
| 20:15 | Improved Spiked Barricades |
| 20:28 | Tiny Great Hall |
| 21:11 | Peon |
| 21:11 | Peon |
| 21:11 | Peon |
| 21:11 | Peon |
| 21:12 | Peon |
| 22:24 | Critical Strike |
| 22:34 | Troll Witch Doctor |
| 22:34 | Troll Witch Doctor |
| 22:35 | Troll Witch Doctor |
| 22:35 | Troll Witch Doctor |
| 22:36 | Shaman Master Training |
| 22:38 | Healing Salve |
| 22:43 | Potion of Mana |
| 22:45 | Potion of Healing |
| 23:33 | Potion of Healing |
| 23:41 | Lesser Clarity Potion |
| 23:43 | Potion of Mana |
| 24:11 | Bladestorm |
| 24:49 | Kodo Beast |
| 25:34 | War Mill |
| 27:15 | Orb of Fire |
| 28:05 | Potion of Mana |
| 28:07 | Lesser Clarity Potion |
| 29:19 | Voodoo Lounge |
| 29:19 | Voodoo Lounge |
| 29:20 | Voodoo Lounge |
| 30:08 | Lesser Clarity Potion |
| 33:28 | Lesser Clarity Potion |
| 35:57 | Potion of Mana |
| 35:59 | Lesser Clarity Potion |
| 37:32 | Wind Walk |
| 44:49 | Mirror Image |
| 45:41 | Potion of Mana |
| 45:41 | Potion of Mana |
| 46:54 | Lesser Clarity Potion |
| 47:54 | Blizzard |
| 48:26 | Lesser Clarity Potion |
| 48:38 | Kodo Beast |
| 52:56 | Troll Witch Doctor |
| 53:55 | Boots of Speed |
| 53:55 | Boots of Speed |
| 54:07 | Boots of Speed |
| 54:07 | Boots of Speed |
| 56:19 | Mirror Image |
| 58:39 | Mirror Image |
| 59:44 | Potion of Healing |
| 59:46 | Potion of Mana |
| 59:48 | Lesser Clarity Potion |
| 65:29 | Potion of Mana |
| 65:31 | Lesser Clarity Potion |
| Right click | 3291 |
| Select | 291 |
| Misc. action | 261 |
| Build/train/purchase | 252 |
| Select group | 203 |
| Resource trade | 129 |
| Chat | 78 |
| Item give/drop | 38 |
| Use ability | 37 |
| Minimap ping | 7 |
| Assign group | 6 |
| Remove unit | 1 |


| Peasant | 21 | 1575 | / | 0 |
| Mortar Team | 14 | 2520 | / | 980 |
| total: | 35 | 4095g | / | 980w |
| Scout Tower | 86 | 2580 | / | 1720 |
| Guard Tower | 29 | 2030 | / | 1450 |
| Arcane Tower | 11 | 770 | / | 550 |
| Altar of Kings | 2 | 360 | / | 100 |
| Farm | 15 | 1200 | / | 300 |
| Lumber Mill | 2 | 240 | / | 0 |
| Town Hall | 1 | 385 | / | 205 |
| Blacksmith | 1 | 140 | / | 60 |
| Cannon Tower | 1 | 120 | / | 100 |
| Arcane Sanctum | 1 | 150 | / | 140 |
| Workshop | 2 | 280 | / | 280 |
| Keep | 2 | 640 | / | 420 |
| Castle | 1 | 360 | / | 210 |
| total: | 110 | 5335g | / | 2805w |
| 0:04 | Peasant |
| 0:04 | Peasant |
| 0:09 | Altar of Kings |
| 0:17 | Farm |
| 0:23 | Farm |
| 0:28 | Peasant |
| 0:36 | Peasant |
| 0:52 | Lumber Mill |
| 0:56 | Peasant |
| 1:06 | Peasant |
| 1:12 | Peasant |
| 1:24 | Peasant |
| 1:29 | Peasant |
| 1:43 | Scout Tower |
| 1:47 | Scout Tower |
| 2:09 | Improved Lumber Harvesting |
| 2:12 | Guard Tower |
| 2:16 | Scout Tower |
| 2:24 | Arcane Tower |
| 2:26 | Peasant |
| 2:26 | Peasant |
| 2:27 | Peasant |
| 2:27 | Peasant |
| 2:41 | Peasant |
| 2:47 | Guard Tower |
| 2:49 | Scout Tower |
| 3:07 | Scout Tower |
| 3:07 | Scout Tower |
| 3:19 | Scout Tower |
| 3:21 | Scout Tower |
| 3:25 | Scout Tower |
| 3:32 | Arcane Tower |
| 3:51 | Farm |
| 3:59 | Guard Tower |
| 4:04 | Scout Tower |
| 4:06 | Guard Tower |
| 4:08 | Peasant |
| 4:08 | Peasant |
| 4:09 | Peasant |
| 4:13 | Guard Tower |
| 4:15 | Guard Tower |
| 4:18 | Scout Tower |
| 4:32 | Arcane Tower |
| 4:34 | Scout Tower |
| 4:40 | Guard Tower |
| 4:53 | Keep |
| 5:00 | Guard Tower |
| 5:50 | Altar of Kings |
| 5:52 | Guard Tower |
| 7:17 | Lumber Mill |
| 7:22 | Town Hall |
| 8:13 | Improved Masonry |
| 8:19 | Scout Tower |
| 8:22 | Scout Tower |
| 8:47 | Guard Tower |
| 8:49 | Guard Tower |
| 8:51 | Scout Tower |
| 8:52 | Scout Tower |
| 8:53 | Scout Tower |
| 8:53 | Scout Tower |
| 8:54 | Scout Tower |
| 8:58 | Scout Tower |
| 8:59 | Scout Tower |
| 8:59 | Scout Tower |
| 9:42 | Holy Light |
| 9:48 | Arcane Tower |
| 9:57 | Arcane Tower |
| 9:58 | Arcane Tower |
| 10:00 | Scout Tower |
| 10:00 | Scout Tower |
| 10:02 | Scout Tower |
| 10:03 | Scout Tower |
| 11:04 | Guard Tower |
| 11:06 | Scout Tower |
| 11:06 | Scout Tower |
| 11:07 | Scout Tower |
| 12:02 | Guard Tower |
| 12:04 | Guard Tower |
| 12:07 | Scout Tower |
| 12:08 | Scout Tower |
| 12:55 | Keep |
| 12:58 | Farm |
| 12:59 | Farm |
| 12:59 | Farm |
| 13:03 | Farm |
| 13:05 | Guard Tower |
| 13:07 | Guard Tower |
| 13:54 | Scout Tower |
| 13:54 | Scout Tower |
| 13:55 | Scout Tower |
| 13:58 | Scout Tower |
| 14:07 | Scout Tower |
| 14:08 | Scout Tower |
| 14:08 | Scout Tower |
| 14:09 | Scout Tower |
| 14:21 | Scout Tower |
| 14:22 | Scout Tower |
| 14:22 | Scout Tower |
| 14:24 | Scout Tower |
| 14:30 | Scout Tower |
| 14:31 | Scout Tower |
| 14:37 | Scout Tower |
| 14:37 | Scout Tower |
| 14:38 | Scout Tower |
| 15:03 | Arcane Tower |
| 15:04 | Guard Tower |
| 15:52 | Arcane Tower |
| 15:54 | Guard Tower |
| 15:59 | Peasant |
| 16:16 | Arcane Tower |
| 16:18 | Arcane Tower |
| 16:26 | Holy Light |
| 16:28 | Advanced Masonry |
| 16:33 | Blacksmith |
| 16:42 | Guard Tower |
| 16:48 | Arcane Sanctum |
| 17:00 | Farm |
| 17:58 | Castle |
| 18:15 | Workshop |
| 18:18 | Black Gunpowder |
| 18:25 | Workshop |
| 18:27 | Magic Sentry |
| 20:38 | Imbued Masonry |
| 20:40 | Refined Gunpowder |
| 20:41 | Studded Leather Armor |
| 21:06 | Peasant |
| 21:06 | Peasant |
| 21:07 | Peasant |
| 21:19 | Flare |
| 21:24 | Fragmentation Shards |
| 21:26 | Mortar Team |
| 21:27 | Mortar Team |
| 21:27 | Mortar Team |
| 21:36 | Farm |
| 23:26 | Farm |
| 24:01 | Scout Tower |
| 24:02 | Scout Tower |
| 24:02 | Scout Tower |
| 24:03 | Scout Tower |
| 25:24 | Imbued Gunpowder |
| 25:33 | Storm Bolt |
| 25:35 | Divine Shield |
| 26:19 | Mortar Team |
| 26:28 | Farm |
| 26:34 | Guard Tower |
| 26:37 | Scout Tower |
| 26:39 | Scout Tower |
| 26:40 | Scout Tower |
| 26:47 | Scout Tower |
| 26:47 | Scout Tower |
| 27:07 | Reinforced Leather Armor |
| 27:25 | Cannon Tower |
| 29:31 | Mortar Team |
| 33:18 | Arcane Tower |
| 33:22 | Scout Tower |
| 33:23 | Scout Tower |
| 33:24 | Scout Tower |
| 33:25 | Scout Tower |
| 33:25 | Scout Tower |
| 33:26 | Scout Tower |
| 35:30 | Guard Tower |
| 37:03 | Scout Tower |
| 37:08 | Scout Tower |
| 37:09 | Scout Tower |
| 37:10 | Scout Tower |
| 37:11 | Scout Tower |
| 37:12 | Scout Tower |
| 37:58 | Guard Tower |
| 38:05 | Scout Tower |
| 38:06 | Scout Tower |
| 38:07 | Scout Tower |
| 38:09 | Scout Tower |
| 38:10 | Scout Tower |
| 38:17 | Guard Tower |
| 38:30 | Guard Tower |
| 38:35 | Guard Tower |
| 38:38 | Guard Tower |
| 39:12 | Bash |
| 39:14 | Holy Light |
| 39:58 | Mortar Team |
| 41:49 | Mortar Team |
| 44:51 | Divine Shield |
| 44:57 | Divine Shield |
| 46:56 | Mortar Team |
| 51:07 | Farm |
| 51:07 | Farm |
| 51:08 | Farm |
| 52:06 | Scout Tower |
| 52:07 | Scout Tower |
| 52:07 | Scout Tower |
| 52:08 | Scout Tower |
| 52:09 | Scout Tower |
| 52:09 | Scout Tower |
| 52:12 | Scout Tower |
| 52:13 | Scout Tower |
| 52:15 | Scout Tower |
| 52:15 | Scout Tower |
| 52:17 | Scout Tower |
| 52:18 | Scout Tower |
| 53:11 | Guard Tower |
| 53:50 | Guard Tower |
| 54:10 | Mortar Team |
| 54:10 | Mortar Team |
| 61:00 | Mortar Team |
| 61:01 | Mortar Team |
| 61:01 | Mortar Team |
| 61:58 | Mortar Team |
| 62:02 | Farm |
| 63:26 | Guard Tower |
| Right click | 4781 |
| Select group | 1796 |
| Select | 788 |
| Chat | 287 |
| Build/train/purchase | 118 |
| Use ability | 67 |
| Assign group | 52 |
| Misc. action | 33 |
| Minimap ping | 27 |
| Resource trade | 6 |
| Esc | 3 |
| Remove unit | 1 |
⇛